 Dungeon Crawl Stone Soup version 0.27.1-34-g3ba077fa99 (webtiles) character file.

Game seed: 425232708114277444

63 mcbry74 the Ruffian (level 3, -4/33 HPs)
             Began as a Troll Gladiator on Jan 30, 2022.
             Blown up by Ijyb (15 damage)
             ... with a mindburst bolt
             ... on level 3 of the Dungeon.
             The game lasted 00:04:58 (1543 turns).

mcbry74 the Ruffian (Troll Gladiator)               Turns: 1543, Time: 00:04:59

Health: -4/33      AC:  4    Str: 22    XL:     3   Next: 89%
Magic:  2/2        EV: 10    Int:  5    God:
Gold:   7          SH:  0    Dex: 11    Spells: 2/2 levels left

rFire    . . .     SeeInvis .     - Unarmed
rCold    . . .     Faith    .   (no shield)
rNeg     . . .     Spirit   .   a - +0 robe
rPois    .         Reflect  .   b - +0 hat
rElec    .         Harm     .   (no cloak)
rCorr    .         Rampage  .   (gloves unavailable)
Will     .....                  (boots unavailable)
Stlth    +.........             (no amulet)
HPRegen  1.11/turn              (no ring)
MPRegen  0.08/turn              (no ring)

@: no status effects
A: large, unfitting armour, claws 3, regeneration 1, shaggy fur 1, tough skin 1
a: no special abilities


You were on level 3 of the Dungeon.
You visited 1 branch of the dungeon, and saw 3 of its levels.

You collected 85 gold pieces.
You spent 78 gold pieces at shops.

Inventory:

Hand Weapons
 d - a +0 whip
 e - a +2 dagger of speed
 h - a +0 whip
Missiles
 c - 3 throwing nets (quivered)
Armour
 a - a +0 robe (worn)
 b - a +0 hat (worn)
Scrolls
 f - a scroll of magic mapping {unknown}
 i - a scroll of teleportation {unknown}
 j - a scroll of fog {unknown}
 k - a scroll of blinking {unknown}
Potions
 g - 2 potions of heal wounds {unknown}
 l - a potion of curing {unknown}


   Skills:
 - Level 1.5 Fighting
 - Level 1.7 Throwing
 - Level 2.4 Dodging
 + Level 4.8 Unarmed Combat


You had 2 spell levels left.
You didn't know any spells.
Your spell library contained the following spells:

 Spells                   Type           Power      Damage    Failure   Level
 Gell's Gravitas          Tloc           0%         N/A       85%         3
 Teleport Other           Tloc           0%         N/A       85%         3
 Dispersal                Tloc           0%         N/A       100%        6


Dungeon Overview and Level Annotations

Branches:
Dungeon (3/15)

Altars:

Shops:
D:3 =(*

Annotations:
D:3 Ijyb, Jessica, Robin


Innate Abilities, Weirdness & Mutations

You are too large for most types of armour.
You have claws for hands.
Your natural rate of healing is unusually fast.
You are covered in fur. (AC +1)
You have tough skin. (AC +1)


Message History

The goblin is moderately wounded.
You hear a shout!
The goblin closely misses you.
You claw the goblin!
You kill the goblin!
The goblin barely misses you.
You claw the goblin!
You kill the goblin!
The goblin hits you with a +0 dagger.
You claw the goblin!
You kill the goblin!
Robin throws Ijyb at you!
Ijyb zaps a wand.
Your mind is blasted!
The goblin hits you but does no damage.
You closely miss Ijyb. You claw Ijyb.
Ijyb is lightly wounded.
Ijyb hits you with a +0 club. The goblin hits you but does no damage.
You completely miss Ijyb.
Ijyb is lightly wounded.
Ijyb hits you but does no damage.
You closely miss Ijyb.
Ijyb is lightly wounded.
The goblin hits you with a +0 dagger. The dart slug closely misses you.
Ijyb hits you but does no damage.
You scratch Ijyb but do no damage.
Ijyb is lightly wounded.
The goblin hits you but does no damage.
You closely miss Ijyb.
Ijyb is lightly wounded.
Ijyb zaps a wand.
Your mind is blasted!
Ouch! That really hurt!
* * * LOW HITPOINT WARNING * * *
The goblin hits you with a +0 dagger.
* * * LOW HITPOINT WARNING * * *
The dart slug bites you.
* * * LOW HITPOINT WARNING * * *
Robin roars a battlecry!
The goblins go into a battle-frenzy!
Ijyb screams, "Die!"
Ijyb zaps a wand.
Your mind is blasted!
You die...

#. #.... #...<.. ..#
##.#. ##.###. .? .... #
#. ##.#.#.##.# ###.
#..g)##.#.# #...
#.w..#.).w...# #.#.
##.#....##g##### #.#.
....#...gggg..# # ##
#.#...#.#####@# #.# ...
# ............# #.#
####
##.#########.########.#
# #. #.......##.# # #
#.#####.##.# # #.#
#...#.#######
#)####............
#...........######
##########.<######


You could see Ijyb (strong), a hobgoblin (strong) and 3 goblins.

Vanquished Creatures
  An adder (D:3)
  A dart slug (D:1)
  4 endoplasms
  3 giant cockroaches
  6 goblins
  8 hobgoblins
  4 quokkas
  5 ball pythons
  2 bats
  3 frilled lizards
  5 kobolds
  5 rats (D:1)
47 creatures vanquished.

Notes
Turn   | Place    | Note
-------+----------+-------------------------------------------
     0 | D:1      | mcbry74 the Troll Gladiator began the quest for the Orb.
     0 | D:1      | Reached XP level 1. HP: 19/19 MP: 0/0
    77 | D:1      | You fall into a shaft and drop 1 floor!
   109 | D:2      | Reached XP level 2. HP: 27/27 MP: 1/1
   307 | D:2      | Found a faded altar of an unknown god.
   412 | D:2      | Reached skill level 4 in Unarmed Combat
   633 | D:1      | Reached XP level 3. HP: 33/33 MP: 2/2
  1356 | D:3      | Found Qoreotiq's Antique Weapon Shop.
  1372 | D:3      | Found Zuocom's Assorted Antiques.
  1384 | D:3      | Bought a scroll labelled EMUTAA UNTO for 26 gold pieces
  1384 | D:3      | Bought a scroll labelled MYISSIP DEKLU for 26 gold pieces
  1384 | D:3      | Bought a scroll labelled LIPNEVEFAU for 26 gold pieces
  1518 | D:3      | Noticed Robin
  1519 | D:3      | Found Nycan's Jewellery Shoppe.
  1519 | D:3      | Noticed Jessica
  1526 | D:3      | Noticed Ijyb
  1543 | D:3      | Blown up by Ijyb

Illustrated notes

Levels and vault maps discovered:
D:1:      lemuel_arrival_behind_the_door_small, layout_loops_ring
D:2:      layout_loops_ring, shapermc_ecumenical_altar_mp_vishouse,
          grunt_ministairs_2, minmay_misc_feat_diagonals,
          kennysheep_generic_room_13
D:3:      layout_loops_ring, serial_shops, nicolae_shop_waterfront, shop,
          nicolae_diamond_shop, nicolae_shop_statue_plus, shop, uniq_ijyb,
          uniq_jessica, uniq_robin

Skill      XL: |  1  2 |
---------------+-------+-----
Unarmed Combat | 4 |  4.8
Fighting       | |  1.5
Throwing       | |  1.7
Dodging        | |  2.4

Action                   || total
-------------------------++-------
Melee: Unarmed           ||   119
       Punch             ||     3
 Stab: Sleeping          ||     1
Armor: Robe              ||    34
Dodge: Dodged            ||    55
